 Seeded DCSS version 0.30.0-29-ga12c61a403 (webtiles) character file.

Game seed: 18007716519941398942 (custom seed)

6 Dadbod the Shield-Bearer (level 2, 24/24 HPs)
             Began as a Formicid Fighter on June 5, 2023.
             Quit the game on level 1 of the Dungeon.
             The game lasted 00:00:50 (104 turns).

Dadbod the Shield-Bearer (Formicid Fighter)          Turns: 104, Time: 00:00:50

Health: 24/24      AC:  6    Str: 20    XL:     2   Next: 0%
Magic:  2/2        EV:  9    Int:  7    God:
Gold:   0          SH:  5    Dex: 13    Spells: 1/1 levels left

rFire   . . .        a - +0 war axe
rCold   . . .        c - +0 buckler
rNeg    . . .        b - +0 scale mail
rPois   .            (helmet unavailable)
rElec   .            (no cloak)
rCorr   .            (no gloves)
SInv    +            (no boots)
Will    .....        (no amulet) Stlth
                     (no ring)
HPRegen 0.24/turn    (no ring)
MPRegen 0.08/turn

%: no passive effects
@: no status effects
A: permanent stasis, dig shafts and tunnels, antennae 3, four strong arms
a: Dig, Shaft Self


You were on level 1 of the Dungeon.
You visited 1 branch of the dungeon, and saw 1 of its levels.

Inventory:

Hand Weapons
 a - a +0 war axe (weapon)
 e - a +6 broad axe of flaming
 g - the +8 battleaxe "Wogewno" {flame, Stlth+}
   (You acquired it on level 1 of the Dungeon)

   Stlth:     It makes you more stealthy.
Armour
 b - a +0 scale mail (worn)
 c - a +0 buckler (worn)
Scrolls
 f - a scroll of acquirement
Potions
 d - a potion of might


   Skills:
 + Level 3.4 Fighting
 + Level 2.1 Axes
 + Level 3.4 Armour
 + Level 4.1 Shields


You had one spell level left.
You didn't know any spells.
Your spell library was empty.

Dungeon Overview and Level Annotations

Branches:
Dungeon (1/15)

Altars:


Innate Abilities, Weirdness & Mutations

You cannot be hasted, slowed, berserked, paralysed or teleported.
You can dig through walls and to a lower floor.
You have a pair of large antennae on your head. (SInv)
Your four strong arms can wield two-handed weapons with a shield.


Message History

You hit the hobgoblin.
The hobgoblin is severely wounded.
You block the hobgoblin's attack. The hobgoblin barely misses you.
You hit the hobgoblin but do no damage.
The hobgoblin is heavily wounded.
The hobgoblin hits you.
You slash the hobgoblin!
You kill the hobgoblin!
Found a long sword.
HP restored.
Found 2 lumpy sapphire potions.
Found a scroll labelled UNKIPPOYZU.
You sense a monster nearby.
A goblin comes into view. It is wielding a +0 dagger.
The goblin shouts!
You hear an angry hiss.
An endoplasm comes into view.
You see here a scroll labelled UNKIPPOYZU.
There are monsters nearby!
A frilled lizard comes into view.
You closely miss the goblin. The goblin hits you but does no damage.
You block the goblin's attack.
You slash the goblin!
You kill the goblin!
You slash the endoplasm!
You kill the endoplasm!
You slash the frilled lizard!
You kill the frilled lizard!
You have reached level 2!
You see here a +0 dagger.
Found 3 scrolls labelled DICAOL JAOKK.
f - 3 scrolls labelled DICAOL JAOKK
As you read the scroll labelled DAUD DOTON, it crumbles to dust.
You feel aware of your surroundings.
You sensed 1 altar.
It was a scroll of magic mapping.
This is a scroll of acquirement!
Something appears at your feet!
e - a +6 broad axe of flaming Something appears at your feet!
g - the +8 battleaxe "Wogewno" {flame, Stlth+} Are you sure you want to abandon this character and quit the game? (Confirm with "yes".)

............,,,,,,*
..##.#.#####*******
.#*#.#.# .*
#.#,#*************
,*
#.#,,,,,,,,,,,,,,*
,*
#.#*****#######,**
,* #.# #..,..#,*
*###.#####
#.#*#.#,*
*#......)# #.#
#@#,* #.#.##.## #.#
#.#,* #.#..#.#
##.###.#{* #,##.#.#
#...)..#,* *,**.#.#
#.?###.#,*
**{**.#.# #..#
#.#,* ,,,**.#.#
#..# ###,*
*****,#.# #..# *,*
,,,,,,#.# #..# *,*


There were no monsters in sight!

Vanquished Creatures
  An endoplasm (D:1)
  A giant cockroach (D:1)
  A goblin (D:1)
  A hobgoblin (D:1)
  A frilled lizard (D:1)
5 creatures vanquished.

Notes
Turn   | Place    | Note
-------+----------+-------------------------------------------
     0 | D:1      | Dadbod the Formicid Fighter began the quest for the Orb.
     0 | D:1      | Reached XP level 1. HP: 18/18 MP: 1/1
    93 | D:1      | Reached XP level 2. HP: 24/24 MP: 2/2
   100 | D:1      | Identified 3 scrolls of acquirement
   100 | D:1      | Acquired a +6 broad axe of flaming
   102 | D:1      | Acquired the +8 battleaxe "Wogewno" {flame, Stlth+}
   104 | D:1      | Quit the game

Illustrated notes

Levels and vault maps discovered:
D:1:      psy_arrival_dodecagon, layout_basic,
          dreamdust_ecumenical_altar_sealed_demon

Action                     || total
---------------------------++-------
  Melee: War axe           ||    15
    Use: Scroll            ||     3
 Armour: Scale mail        ||     5
  Dodge: Dodged            ||     4
  Block: Buckler           ||     7
